AoeStats
← INK | Norian

Arena

506032062Analyzed
4v4 RM · 19d ago on Sep 12, 2026· 53m 16s· 8 players
Game mode
Random Map
Map size
Large (8 player)
Population
200
Speed
Normal
Resources
Standard
Victory
Conquest
Starting age
Dark Age
Ending age
Imperial Age
RankedLock teamsTeams togetherTeam positionsShared explorationLock speedFull tech treeHidden civsTurbo modeCheats
Victory
Defeat
🇦🇷 Britons · Argentina
1490
+11
🇦🇷 Franks · Argentina
1485
+11
🇺🇾 Mongols · Uruguay
1421
+14
🇦🇷 Khmer · Argentina
1109
+96
🇩🇴 Wu · Dominican Republic
1413
-17
🇰🇷 Portuguese · South Korea
1380
-16
🇨🇱 Spanish · Chile
1366
-16
🇪🇨 Saracens · Ecuador
1292
-13
INK | Norian
10:17 Feudal Age
14:04 Castle Age
13:28 Double-Bit Axe
15:14 Bow Saw
15:46 Loom
20:57 Wheelbarrow
22:17 Town Watch
22:57 Stone Mining
22:59 Gold Mining
28:09 Imperial Age
25:55 Hand Cart
26:37 Scale Barding Armor
27:39 Chain Barding Armor
27:33 Husbandry
28:24 Forging
28:18 Cavalier
29:26 Conscription
30:07 Plate Barding Armor
31:53 Chivalry
33:00 Iron Casting
32:20 Paladin
37:01 Masonry
38:19 Gold Shaft Mining
40:07 Fletching
40:49 Bodkin Arrow
42:02 Chemistry
42:03 Town Patrol
42:38 Ballistics
43:25 Pikeman
44:06 Squires
44:09 Scale Mail Armor
45:10 Blast Furnace
43:57 Arson
44:21 Halberdier
45:23 Chain Mail Armor
46:01 Architecture
48:11 Plate Mail Armor
52:57 Murder Holes
INK | ComidaXfavor
10:06 Feudal Age
13:12 Castle Age
12:03 Double-Bit Axe
13:01 Horse Collar
13:39 Light Cavalry
17:28 Bow Saw
19:19 Wheelbarrow
18:34 Town Watch
19:44 Heavy Plow
21:30 Bloodlines
22:23 Scale Barding Armor
22:13 Loom
22:23 Gold Mining
22:59 Husbandry
23:11 Forging
27:08 Imperial Age
25:44 Chain Barding Armor
26:08 Stone Mining
28:22 Iron Casting
30:06 Plate Barding Armor
31:37 Tusk Swords
33:57 Iron Casting
34:58 Chemistry
37:02 Blast Furnace
36:31 Elite Ballista Elephant
39:43 Elite Battle Elephant
49:23 Hand Cart
49:45 Crop Rotation
51:37 Hussar
INK | Condortiero
10:14 Feudal Age
12:00 Loom
14:22 Castle Age
13:09 Double-Bit Axe
13:06 Horse Collar
14:43 Stone Mining
19:30 Fletching
22:07 Bodkin Arrow
23:05 Loom
30:30 Imperial Age
28:01 Gold Mining
30:55 Yeomen
31:09 Bow Saw
30:41 Elite Longbowman
32:46 Bracer
34:09 Conscription
34:20 Ballistics
35:00 Chemistry
34:04 Heavy Plow
35:07 Wheelbarrow
34:39 Town Watch
35:05 Padded Archer Armor
36:04 Hoardings
36:02 Leather Archer Armor
37:17 Gold Shaft Mining
38:25 Ring Archer Armor
38:49 Scale Barding Armor
39:18 Forging
39:20 Light Cavalry
40:28 Husbandry
40:50 Chain Barding Armor
42:17 Plate Barding Armor
41:29 Treadmill Crane
42:00 Masonry
42:51 Forging
43:44 Hand Cart
44:30 Two-Man Saw
43:56 Town Patrol
45:14 Iron Casting
44:39 Scale Mail Armor
46:58 Blast Furnace
46:30 Architecture
52:23 Capped Ram
INK | La Bestia
9:39 Feudal Age
13:16 Castle Age
12:39 Fletching
13:10 Loom
17:09 Bodkin Arrow
19:38 Double-Bit Axe
20:41 Horse Collar
23:58 Bow Saw
27:42 Imperial Age
27:18 Gold Mining
28:53 Wheelbarrow
28:21 Heavy Plow
29:14 Bracer
35:18 Chemistry
36:24 Ballistics
36:24 Town Watch
37:53 Hand Cart
38:22 Padded Archer Armor
40:26 Elite Mangudai
41:40 Husbandry
43:00 Bloodlines
45:48 Scale Mail Armor
45:58 Forging
45:25 Pikeman
46:05 Squires
47:26 Leather Archer Armor
Youtube Nimro7
10:17 Feudal Age
14:14 Castle Age
12:53 Double-Bit Axe
14:54 Wheelbarrow
14:03 Horse Collar
15:22 Loom
22:43 Bow Saw
27:16 Imperial Age
25:19 Bloodlines
25:33 Scale Barding Armor
25:46 Husbandry
26:24 Forging
27:30 Gold Mining
28:33 Iron Casting
28:23 Chain Barding Armor
27:28 Cavalier
30:01 Conscription
29:10 Paladin
31:44 Blast Furnace
31:20 Plate Barding Armor
32:54 Light Cavalry
34:07 Hussar
36:19 Squires
35:39 Pikeman
36:04 Arson
36:36 Hand Cart
36:36 Town Watch
37:16 Halberdier
37:58 Scale Mail Armor
38:04 Heavy Plow
39:13 Chain Mail Armor
41:11 Two-Man Saw
41:46 Supremacy
41:56 Caravan
42:27 Coinage
42:09 Guilds
42:12 Fortified Wall
42:01 Stone Mining
43:41 Plate Mail Armor
44:50 Ballistics
45:31 Chemistry
44:22 Fletching
Panthena
8:41 Loom
10:27 Feudal Age
12:42 Double-Bit Axe
15:30 Castle Age
15:21 Horse Collar
15:33 Gold Mining
16:28 Loom
16:59 Bow Saw
22:40 Ballistics
22:48 Fortified Wall
23:01 Fletching
23:37 Town Watch
26:13 Wheelbarrow
25:53 Masonry
26:08 Bodkin Arrow
26:14 Padded Archer Armor
27:44 Hand Cart
27:42 Town Patrol
28:18 Stone Mining
31:16 Imperial Age
29:00 Scale Barding Armor
29:22 Town Patrol
29:46 Scale Mail Armor
30:34 Murder Holes
30:58 Leather Archer Armor
30:54 Forging
31:13 Bloodlines
31:25 Husbandry
30:46 Light Cavalry
31:49 Chain Barding Armor
33:14 Chemistry
32:46 Architecture
32:58 Stone Shaft Mining
33:09 Ring Archer Armor
32:43 Pikeman
33:39 Chain Mail Armor
34:09 Iron Casting
34:29 Coinage
34:11 Thumb Ring
34:19 Halberdier
35:19 Gambesons
35:20 Arson
35:48 Siege Engineers
36:02 Elite Skirmisher
36:05 Cavalier
37:34 Arquebus
37:54 Conscription
37:37 Arquebus
38:41 Plate Mail Armor
39:14 Blast Furnace
38:16 Bracer
39:37 Bombard Tower
40:38 Plate Barding Armor
47:36 Treadmill Crane
Poeta Abatido
10:59 Feudal Age
14:57 Castle Age
13:28 Double-Bit Axe
13:48 Horse Collar
14:37 Gold Mining
15:35 Fletching
19:56 Bodkin Arrow
24:36 Loom
25:31 Wheelbarrow
31:40 Imperial Age
29:27 Hand Cart
31:16 Padded Archer Armor
33:47 Crossbowman
34:34 Arbalester
39:05 Bow Saw
41:33 Bracer
41:49 Leather Archer Armor
42:13 Gold Shaft Mining
42:09 Ballistics
42:49 Chemistry
43:20 Thumb Ring
46:23 Ring Archer Armor
51:33 Elite Skirmisher
53:05 Fortified Wall
choketene
11:06 Feudal Age
14:40 Castle Age
13:16 Double-Bit Axe
14:11 Horse Collar
14:27 Stone Mining
16:29 Loom
17:58 Fletching
20:47 Bodkin Arrow
22:53 Padded Archer Armor
24:14 Bow Saw
30:38 Leather Archer Armor
30:28 Scale Barding Armor
32:13 Ballistics
34:08 Red Cliffs Tactics
34:38 Red Cliffs Tactics
35:38 Heavy Plow
35:32 Gold Mining
36:31 Masonry
38:17 Wheelbarrow
37:27 Town Watch
39:14 Hand Cart
48:54 Guard Tower
Connection lost

Rejoining the realm…

Still unreachable

The connection could not be restored.

Session expired

The server has moved on; the page needs a fresh start.